 Dungeon Crawl Stone Soup version 0.29.1-2-gbd0b4ee654 (webtiles) character file.

Game seed: 8753297420963478436

933 Descartes the Sneak (level 7, 0/31 (32) HPs)
             Began as a Spriggan Wanderer on Nov 18, 2022.
             Succumbed to Blork the orc's poison
             ... on level 5 of the Dungeon.
             The game lasted 00:30:11 (8076 turns).

Descartes the Sneak (Spriggan Wanderer)             Turns: 8076, Time: 00:30:11

HP:   0/31 (32)     AC:  2    Str:  7    XL:     7   Next: 86%
MP:   1/14          EV: 18    Int: 17    God:
Gold: 307           SH:  0    Dex: 14    Spells: 11/14 levels left

rFire   . . .      SeeInvis +   b - +4 sling of Gentoewi {speed, rN+}
rCold   . . .      Faith    .   (no shield)
rNeg    + + .      Spirit   +   c - +0 robe
rPois   .          Reflect  .   (helmet restricted)
rElec   .          Harm     .   (no cloak)
rCorr   .          Rampage  .   (gloves unavailable)
Will    +....                   (boots unavailable)
Stlth   +++.......              t - amulet of guardian spirit
HPRegen 0.10/turn               l - ring of positive energy
MPRegen 0.14/turn               q - +4 ring of slaying

@: lethally poisoned (0 -> -11), lightly drained, very quick
A: very small, no large weapons, unfitting armour, see invisible, speed 3
a: no special abilities


You were on level 5 of the Dungeon.
You visited 1 branch of the dungeon, and saw 6 of its levels.
You also visited: Sewer.

You collected 307 gold pieces.

Inventory:

Hand Weapons
 a - a +0 dagger
 b - the +4 sling of Gentoewi (weapon) {speed, rN+}
   (You found it on level 6 of the Dungeon)

   Attacks with this weapon are significantly faster.
   rN:        It protects you from negative energy.
 v - a +0 sling
 A - a +1 spear of venom
 H - a +2 morningstar of holy wrath
Missiles
 i - 6 poisoned darts
 B - 3 silver boomerangs
 C - a boomerang
Armour
 c - a +0 robe (worn)
Jewellery
 f - a ring of ice
 l - a ring of positive energy (left hand)
 q - a +4 ring of slaying (right hand)
 t - an amulet of guardian spirit (around neck)
 D - a ring of protection from fire
Wands
 n - a wand of paralysis (5)
 E - a wand of flame (10)
Scrolls
 d - a scroll of magic mapping
 e - a scroll of enchant armour {unknown}
 g - 5 scrolls of fear {unknown}
 j - a scroll of teleportation {unknown}
 k - a scroll of acquirement {unknown}
 m - a scroll of enchant weapon {unknown}
 r - 3 scrolls of butterflies
 s - 3 scrolls of identify {unknown}
 w - 2 scrolls of immolation {unknown}
 y - a scroll of poison {unknown}
 J - 3 scrolls of blinking
Potions
 h - 2 potions of might
 o - a potion of degeneration {unknown}
 p - 3 potions of curing
 u - a potion of attraction {unknown}
 x - a potion of invisibility {unknown}
 z - a potion of brilliance {unknown}
 F - a potion of flight {unknown}
 G - a potion of mutation {unknown}
 I - 2 potions of resistance


   Skills:
 + Level 3.3 Short Blades
 + Level 4.5 Dodging
 + Level 5.0 Stealth
 + Level 4.2 Spellcasting
 + Level 2.2 Conjurations
 - Level 3.2 Summonings
 - Level 4.0 Transmutations
 + Level 3.2 Poison Magic
 + Level 4.5 Evocations


You had 11 spell levels left.
You knew the following spells:

 Your Spells              Type           Power      Damage    Failure   Level
a - Sting                 Tmut/Pois      60%        1d6       3%          1
b - Magic Dart            Conj           44%        1d5       6%          1
c - Summon Small Mammal   Summ           56%        N/A       4%          1

Your spell library contained the following spells:

 Spells                   Type           Power      Damage    Failure   Level
 Call Imp                 Summ           14%        N/A       6%          2
 Spider Form              Tmut/Pois      15%        N/A       11%         3
 Call Canine Familiar     Summ           14%        N/A       12%         3
 Mephitic Cloud           Conj/Pois/Air  9%         N/A       22%         3
 Summon Ice Beast         Ice/Summ       9%         N/A       61%         4


Dungeon Overview and Level Annotations

Branches:
Dungeon (6/15)              Sewer (visited)
 Temple: D:4-7

Altars:
Yredelemnul

Annotations:
D:5 Blork the orc
D:6 Sigmund


Innate Abilities, Weirdness & Mutations

You are very small and have problems with some larger weapons.
You are too small for most types of armour.
You have supernaturally acute eyesight. (SInv)
You cover ground extremely quickly. (Speed+++)


Message History

Confirm with . or Enter, or press ? or * to list all spells.
Aiming: Magic Dart (safe; 6% risk of failure)
Press: ? - help, Shift-Dir - straight line, f/p - Sigmund
Aim: Sigmund, wielding a +0 scythe and wearing a +0 robe (heavily wounded, 100% to hit)
Okay, then.
There is a stone staircase leading up here.
You shoot a sling bullet.
The sling bullet closely misses Sigmund.
Sigmund points at you and mumbles some strange words.
You resist with almost no effort.
Casting: Magic Dart (safe; 6% risk of failure)
Confirm with . or Enter, or press ? or * to list all spells.
Aiming: Sting (safe; 3% risk of failure)
Press: ? - help, Shift-Dir - straight line, f - Blork the orc, p - Sigmund
Aim: Blork the orc, wielding a +0 battleaxe of venom and wearing a +0 robe (fast, 77% to hit)
The sting hits Blork the orc.
Blork the orc is poisoned.
Blork the orc is lightly wounded.
Blork the orc looks braver for a moment.
Your magical contamination has completely faded away.
Casting: Sting (safe; 3% risk of failure)
Confirm with . or Enter, or press ? or * to list all spells.
Aiming: Sting (safe; 3% risk of failure)
Press: ? - help, Shift-Dir - straight line, f/p - Blork the orc
Aim: Blork the orc, wielding a +0 battleaxe of venom and wearing a +0 robe (lightly wounded, fast, poisoned, 77% to hit)
The sting hits Blork the orc but does no damage.
Blork the orc looks even sicker.
Blork the orc is lightly wounded.
Sigmund hits you from afar with a +0 scythe.
Blork the orc hits you with a +0 battleaxe of venom!
You are lethally poisoned!
You climb upwards.
* * * LOW HITPOINT WARNING * * *
You feel very sick.
There is a stone staircase leading down here.
* * * LOW HITPOINT WARNING * * *
You feel sick.
Blork the orc gestures at you while chanting.
The magic dart hits you!
* * * LOW HITPOINT WARNING * * *
You die...

#.............#.....#......#
#....##...###'#.....#..#####
#....##...##......###..##..#
###...##....#......#........#
.##...##....#......#........#
.#....#.....#....o.#........#
.#....#.....#.....>#........#
.#....#.....#......'........#
#############...@..#....##..#
..................###########
..................#
..................#
..................#
..........).......######
.............##+#......#
.............#.........#
.............+....#....#


You could see Blork the orc (fast, very poisoned).

Vanquished Creatures
  Pargi (Sewer)
  An ogre (D:5)
  A scorpion (D:4)
  A necrophage (D:6)
  2 howler monkeys (D:5)
  A bullfrog zombie (D:4)
  A jelly (D:4)
  2 hounds (D:4)
  4 iguanas
  A scorpion zombie (D:4)
  2 orc wizards
  2 hound zombies (D:4)
  3 gnolls (D:3)
  A river rat (D:4)
  7 adders
  A shadow imp (D:5)
  An ufetubus (D:5)
  2 adder zombies (D:4)
  2 worms (D:4)
  4 dart slugs
  11 orcs
  7 ball pythons
  6 bats
  7 endoplasms
  4 giant cockroaches (D:4)
  8 goblins
  4 hobgoblins (D:1)
  6 jackals
  5 quokkas
  A frilled lizard (D:1)
  2 kobolds
  8 rats
109 creatures vanquished.

Vanquished Creatures (others)
  5 withered plants (D:4)
5 creatures vanquished.

Grand Total: 114 creatures vanquished

Notes
Turn   | Place    | Note
-------+----------+-------------------------------------------
     0 | D:1      | Descartes the Spriggan Wanderer began the quest for the
                  | Orb.
     0 | D:1      | Descartes set off with the following items: a +0 dagger, a
                  | scroll of blinking, a +0 robe; and the following spells
                  | available to memorise: Summon Small Mammal, Sting, Call
                  | Canine Familiar, Spider Form, Summon Ice Beast.
     0 | D:1      | Reached XP level 1. HP: 9/9 MP: 3/3
     2 | D:1      | Learned a level 1 spell: Sting
   419 | D:1      | Reached XP level 2. HP: 13/13 MP: 1/5
   521 | D:1      | Reached skill level 1 in Stealth
  1134 | D:1      | Reached skill level 1 in Poison Magic
  1134 | D:1      | Reached XP level 3. HP: 16/16 MP: 3/7
  1390 | D:2      | Learned a level 1 spell: Magic Dart
  1587 | D:2      | Reached skill level 1 in Short Blades
  2435 | D:3      | Reached skill level 2 in Stealth
  2435 | D:3      | Reached XP level 4. HP: 21/21 MP: 3/8
  2764 | D:3      | Found a basalt altar of Yredelemnul.
  2892 | D:3      | Reached skill level 1 in Conjurations
  2892 | D:3      | Reached XP level 5. HP: 24/24 MP: 3/9
  3978 | D:4      | Found a glowing drain.
  3982 | Sewer    | Entered a sewer
  4139 | Sewer    | Noticed Pargi
  4225 | Sewer    | Learned a level 1 spell: Summon Small Mammal
  4262 | Sewer    | Killed Pargi
  4263 | Sewer    | Reached skill level 3 in Stealth
  4263 | Sewer    | Reached XP level 6. HP: 10/28 MP: 2/11
  5912 | D:4      | Reached skill level 4 in Stealth
  5912 | D:4      | Reached XP level 7. HP: 28/32 MP: 4/13
  6309 | D:5      | Entered Level 5 of the Dungeon
  7773 | D:6      | Reached skill level 5 in Stealth
  7992 | D:6      | Noticed Sigmund
  8057 | D:6      | Identified the +4 sling of Gentoewi {speed, rN+}
  8059 | D:6      | Noticed Blork the orc
  8076 | D:5      | Succumbed to Blork the orc's poison

Illustrated notes

Levels and vault maps discovered:
D:1:      amcnicky_arrival_flooded_fountain, layout_basic
D:2:      layout_rooms
D:3:      layout_basic, nicolae_overflow_hidden_temple
D:4:      layout_loops_corners, serial_undead, serial_undead_e, serial_undead_d,
          serial_undead_f, serial_undead_c, gup_sewer_entry_spiral, st_stairs_6
D:5:      layout_gridville
D:6:      layout_gridville, minmay_temple_entry_antechambers, uniq_sigmund,
          uniq_blork_the_orc

Skill      XL: |  1  2  3  4  5  6  7 |
---------------+----------------------+-----
Stealth        | 1 2 3 4 5 |  5.0
Dodging        | 2 3 4 |  4.5
Spellcasting   | 2 3 4 |  4.2
Poison Magic   | 1 2 3 |  3.2
Evocations     | 2 3 4 |  4.5
Short Blades   | 1 2 3 |  3.3
Conjurations   | 1 2 |  2.2
Summonings     | |  3.2
Transmutations | |  4.0

Action                   |  1- 3 |  4- 6 |  7- 9 || total
-------------------------+-------+-------+-------++-------
Melee: Dagger            |    30 |    86 |     8 ||   124
       Punch             |       |     1 |       ||     1
 Fire: Sling             |       |       |     4 ||     4
 Cast: Sting             |    92 |   108 |    57 ||   257
       Magic Dart        |       |    51 |    45 ||    96
       Summon Small Mamm |       |     2 |       ||     2
  Use: Potion            |       |     3 |       ||     3
       Scroll            |       |     2 |       ||     2
 Stab: Distracted        |     1 |       |       ||     1
       Sleeping          |       |     2 |       ||     2
Armor: Robe              |     6 |    20 |     3 ||    29
Dodge: Dodged            |    36 |   127 |    21 ||   184
